 Dungeon Crawl Stone Soup version 0.19.1-1-g22dce08 (webtiles) character file.

54 theAP the Skirmisher (level 4, 0/37 HPs)
             Began as a Formicid Fighter on Jan 3, 2017.
             Slain by a gnoll
             ... wielding a +0 halberd
              (5 damage)
             ... on level 2 of the Dungeon.
             The game lasted 00:01:48 (810 turns).

theAP the Skirmisher (Formicid Fighter)              Turns: 810, Time: 00:01:49

Health: 0/37       AC:  6    Str: 26    XL:     4   Next: 12%
Magic:  4/4        EV:  8    Int:  8    God:
Gold:   65         SH: 10    Dex: 10    Spells: 0 memorised, 3 levels left

rFire  . . .     SeeInvis +     a - +0 flail
rCold  . . .     Gourm    .     b - +0 scale mail
rNeg   . . .     Faith    .     c - +0 shield
rPois  .         Spirit   .     (helmet unavailable)
rElec  .         Reflect  .     (no cloak)
rCorr  .         Harm     .     (no gloves)
MR     .....                    (no boots)
Stlth  ..........               (no amulet)
                                (no ring)
                                (no ring)

@: mighty
A: permanent stasis, dig shafts and tunnels, four strong arms, antennae 3,
hooves 1, blurry vision 1, deterioration 1
a: Dig, Shaft Self


You were on level 2 of the Dungeon.
You were not hungry.

You visited 1 branch of the dungeon, and saw 2 of its levels.

You collected 65 gold pieces.

Inventory:

Hand Weapons
 a - a +0 flail (weapon)
Armour
 b - a +0 scale mail (worn)
 c - a +0 shield (worn)
Scrolls
 e - a scroll of magic mapping {unknown}
 g - 2 scrolls of identify {unknown}
 h - a scroll of immolation {unknown}
 j - a scroll of blinking {unknown}
 k - a scroll of remove curse {unknown}
 l - a scroll of amnesia {unknown}
 m - a scroll of teleportation {unknown}
Comestibles
 f - 3 bread rations
 i - a beef jerky
 o - 2 meat rations


   Skills:
 + Level 4.2 Fighting
 + Level 2.8 Maces & Flails
 - Level 3.5 Armour
 - Level 3.7 Shields


You had 3 spell levels left.
You didn't know any spells.

Dungeon Overview and Level Annotations

Branches:
Dungeon (2/15)

Altars:


Innate Abilities, Weirdness & Mutations

You are under a permanent stasis effect.
You can dig through walls and to a lower floor.
Your four strong arms can wield two-handed weapons with a shield.
You have a pair of large antennae on your head. (SInv)
You have large cloven feet.
Scrolls take you a little longer to read.
Your body sometimes deteriorates upon taking damage.


Message History

You are too injured to fight recklessly!
You are too injured to fight recklessly!
It was a potion of mutation.
You feel extremely strange.
Your vision blurs.
You feel yourself wasting away.
Your feet thicken and deform.
You block the gnoll's attack.
You feel very mighty all of a sudden. You block the gnoll's attack.
The gnoll barely misses you.
You sock the gnoll!
You kill the gnoll!
You have reached level 4!
You feel clever. The gnoll closely misses you. You block the gnoll's attack.
You hit the gnoll. Your kick misses the gnoll.
The gnoll is heavily wounded.
The gnoll misses you. You block the gnoll's attack.
The gnoll hits you with a club.
* * * LOW HITPOINT WARNING * * *
The gnoll hits you from afar with a halberd.
You die...

......# .#### #.#
#####...... #.# #
##.#.# #.# # .#.#
#.# # .#.. #.# #
.###.#### ######.# .
......) #..(...#
......g######.######
#....gg@...).#
#.....########
#..... ###.## ...
###


You could see 3 gnolls.

Vanquished Creatures
  A gnoll (D:2)
  A dart slug (D:1)
  2 leopard geckos
  4 giant cockroaches
  5 goblins
  2 hobgoblins
  6 kobolds
  4 ball pythons
  7 bats
  2 frilled lizards
  7 rats
41 creatures vanquished.

Notes
Turn   | Place    | Note
-------+----------+-------------------------------------------
     0 | D:1      | theAP the Formicid Fighter began the quest for the Orb.
     0 | D:1      | Reached XP level 1. HP: 18/18 MP: 1/1
   153 | D:1      | Reached XP level 2. HP: 23/24 MP: 2/2
   246 | D:1      | Reached XP level 3. HP: 30/30 MP: 3/3
   619 | D:2      | Reached skill level 4 in Fighting
   807 | D:2      | Gained mutation: Scrolls take you a little longer to read. [potion of mutation]
   807 | D:2      | Gained mutation: Your body sometimes deteriorates upon taking damage. [potion of mutation]
   807 | D:2      | Gained mutation: You have large cloven feet. [potion of mutation]
   809 | D:2      | Reached XP level 4. HP: 6/37 MP: 4/4
   810 | D:2      | Slain by a gnoll

Skill      XL: |  1  2  3 |
---------------+----------+-----
Fighting       | 4 |  4.2
Maces & Flails | |  2.8
Armour         | |  3.5
Shields        | |  3.7

Action                   |  1- 3 |  4- 6 || total
-------------------------+-------+-------++-------
Melee: Flail             |   122 |     1 ||   123
  Use: Potion            |     2 |       ||     2
Armor: Scale mail        |    72 |       ||    72
Dodge: Dodged            |    43 |     2 ||    45
Block: Shield            |    85 |     2 ||    87
